 Dungeon Crawl Stone Soup version 0.30-a0-738-g116ff8c4af (webtiles) character file.

Game seed: 31822102566927378

53 kiwi3s the Trooper (level 3, -3/51 HPs)
             Began as a Minotaur Berserker on Feb 3, 2023.
             Was a Believer of Trog.
             Slain by Terence
             ... wielding a +1 heavy flail
              (14 damage)
             ... on level 2 of the Dungeon.
             The game lasted 00:00:35 (876 turns).

kiwi3s the Trooper (Minotaur Berserker)              Turns: 876, Time: 00:00:36

Health: -3/51      AC:  2    Str: 23    XL:     3   Next: 62%
Magic:  2/2        EV: 12    Int:  4    God:    Trog [**....]
Gold:   79         SH:  0    Dex:  9    Spells: 2/2 levels left

rFire   . . .      SeeInvis .    a - +0 hand axe
rCold   . . .      Faith    .    (no shield)
rNeg    . . .      Spirit   .    b - +0 animal skin
rPois   .          Reflect  .    (helmet restricted)
rElec   .          Harm     .    (no cloak)
rCorr   .          Rampage  .    (no gloves)
Will    .....                    (no boots) Stlth
                                 (no amulet)
HPRegen 0.28/turn                (no ring)
MPRegen 0.08/turn                (no ring)

@: berserking, very quick
A: horns 2, retaliatory headbutt
a: Renounce Religion, Berserk, Trog's Hand


You were on level 2 of the Dungeon.
You worshipped Trog.
Trog was pleased with you.
You visited 1 branch of the dungeon, and saw 2 of its levels.

You collected 79 gold pieces.

Inventory:

Hand Weapons
 a - a +0 hand axe (weapon)
Missiles
 e - a throwing net (quivered)
Armour
 b - a +0 animal skin (worn)
Jewellery
 d - an amulet of regeneration
Scrolls
 f - a scroll of magic mapping {unknown}
 j - a scroll of identify {unknown}
Potions
 c - a potion of haste {unknown}
 g - 2 potions of degeneration {unknown}
 h - 2 potions of berserk rage {unknown}
 i - a potion of curing {unknown}


   Skills:
 + Level 4.5 Fighting
 + Level 4.4 Axes
 + Level 2.8 Armour
 + Level 2.5 Dodging


You had 2 spell levels left.
You didn't know any spells.
Your spell library was empty.

Dungeon Overview and Level Annotations

Branches:
Dungeon (2/15)

Altars:

Annotations:
D:2 Terence


Innate Abilities, Weirdness & Mutations

You have a pair of horns on your head.
You reflexively headbutt those who attack you in melee.


Message History

A quokka is nearby!
You completely miss the quokka.
The quokka is almost dead.
The quokka bites you.
A quokka is nearby!
You hit the quokka.
You kill the quokka!
Trog accepts your kill.
HP restored.
You see here a quokka corpse.
Found a stone staircase leading up.
No target in view!
You now have 79 gold pieces (gained 17).
As you open the door, it creaks loudly!
You hear a shout!
Terence the Incautious comes into view.
He is wielding a +1 heavy flail.
A goblin comes into view. It is wielding a +0 club.
The goblin shouts!
There is an open door here.
There are monsters nearby!
There are monsters nearby!
There are monsters nearby!
You hit Terence. You headbutt Terence.
Terence is moderately wounded.
Terence hits you with a +1 heavy flail!
You barely miss Terence.
Terence is moderately wounded.
You slash the goblin!
You kill the goblin!
Trog accepts your kill.
You hit Terence but do no damage.
Terence is moderately wounded.
Terence hits you with a +1 heavy flail!!
Ouch! That really hurt!
* * * LOW HITPOINT WARNING * * *
You are too injured to fight recklessly!
A red film seems to cover your vision as you go berserk!
You feel yourself moving faster!
You feel mighty!
A bat comes into view.
Terence hits you with a +1 heavy flail!
You die...

#..<....#
#....†..#####.#
#.......#.....#
##.......#.#######
...................
###.......#.####...
#.......#'##
#..........#
######...@.#
#..)@.# #.....#
#.....# ##+##.. ...
... ....


You could see Terence.

Vanquished Creatures
  An adder (D:2)
  A dart slug (D:1)
  4 bats (D:1)
  5 endoplasms (D:1)
  3 giant cockroaches (D:1)
  3 goblins
  A hobgoblin (D:1)
  6 jackals (D:1)
  5 kobolds (D:1)
  2 quokkas
  A ball python (D:1)
  A frilled lizard (D:1)
  2 rats (D:1)
35 creatures vanquished.

Notes
Turn   | Place    | Note
-------+----------+-------------------------------------------
     0 | D:1      | kiwi3s the Minotaur Berserker began the quest for the Orb.
     0 | D:1      | Reached XP level 1. HP: 19/19 MP: 0/0
   225 | D:1      | Reached XP level 2. HP: 24/27 MP: 1/1
   401 | D:1      | Reached XP level 3. HP: 29/34 MP: 2/2
   450 | D:1      | Reached ** piety under Trog
   869 | D:2      | Noticed Terence
   876 | D:2      | Slain by Terence

Illustrated notes

Levels and vault maps discovered:
D:1:      moated_graveyard_arrival, layout_basic, minmay_unequal
D:2:      layout_basic, uniq_terence

Skill      XL: |  1  2 |
---------------+-------+-----
Fighting       | 4 |  4.5
Axes           | 4 |  4.4
Armour         | |  2.8
Dodging        | |  2.5

Action                     || total
---------------------------++-------
  Melee: Hand axe          ||    75
         Headbutt          ||     9
 Invoke: Berserk           ||     1
 Armour: Animal skin       ||    14
  Dodge: Dodged            ||    47

Table legend: (Time is in decaauts)
 A = Elapsed time spent in this place.
 B = Non-inter-level travel time spent in this place.
 C = Inter-level travel time spent in this place.
 D = Time resting spent in this place.
 E = Time spent auto-exploring this place.
 F = Levels seen in this place.
 G = Mean time per level.
                   A        B        C        D        E       F      G
               +--------+--------+--------+--------+--------+-----+--------+
         Total |    883 |    856 |     27 |      0 |    691 |   2 |  441.5 |
       Dungeon |    883 |    856 |     27 |      0 |    691 |   2 |  441.5 |
               +--------+--------+--------+--------+--------+-----+--------+

Top non-repeatable levels by time:
     D:1: 853 daAuts
     D:2: 29 daAuts
